 Dungeon Crawl Stone Soup version 0.25.0-45-g978344163c (webtiles) character file.

Game seed: 8324331230103242634

626 Descartes the Sneak (level 7, -12/45 HPs)
             Began as an Octopode Transmuter on July 11, 2020.
             Mangled by an ice beast (13 damage)
             ... on level 5 of the Dungeon.
             The game lasted 00:09:15 (4146 turns).

Descartes the Sneak (Octopode Transmuter)           Turns: 4146, Time: 00:09:15

Health: -12/45     AC:  5    Str: 11    XL:     7   Next: 47%
Magic:  10/10      EV: 14    Int: 15    God:
Gold:   238        SH:  0    Dex: 13    Spells: 6/10 levels left

rFire    . . .     SeeInvis .   h - +0 dagger (venom)
rCold    . . .     Gourm    .   (no shield)
rNeg     . . .     Faith    .   (helmet restricted)
rPois    .         Spirit   .   (no amulet)
rElec    .         Reflect  .   k - +4 ring of protection
rCorr    .         Harm     .   (no ring)
MR       .....                  (no ring)
Stlth    ++++......             (no ring)
HPRegen  0.15/turn              (no ring)
MPRegen  0.12/turn              (no ring)
                                (no ring)
                                (no ring)

@: no status effects
A: almost no armour, stealthy swim, amphibious, 8 rings, constrict 8, camouflage
1, gelatinous body 1
a: no special abilities


You were on level 5 of the Dungeon.
You were not hungry.

You visited 1 branch of the dungeon, and saw 5 of its levels.

You collected 238 gold pieces.

Inventory:

Hand Weapons
 h - a +0 dagger of venom (weapon)
Missiles
 a - 85 arrows
 f - 158 stones (quivered)
 t - 13 boomerangs
 u - 17 sling bullets
 w - 2 poisoned darts
Jewellery
 k - a +4 ring of protection (left tentacle)
Scrolls
 b - 8 scrolls of identify {unknown}
 g - a scroll of magic mapping {unknown}
 j - 2 scrolls of fog {unknown}
 m - 2 scrolls of blinking {unknown}
 n - 2 scrolls of amnesia {unknown}
 p - 3 scrolls of remove curse {unknown}
 q - 2 scrolls of enchant weapon {unknown}
 v - a scroll of fear {unknown}
Potions
 e - a potion of flight
 l - a potion of curing
 r - a potion of degeneration {unknown}
 s - a potion of stabbing {unknown}
Comestibles
 c - 8 rations


   Skills:
 + Level 2.4 Fighting
 + Level 3.4 Dodging
 * Level 6.1 Stealth
 * Level 4.9 Unarmed Combat
 - Level 2.0 Spellcasting
 - Level 2.0 Conjurations
 + Level 3.1 Transmutations


You had 6 spell levels left.
You knew the following spells:

 Your Spells              Type           Power        Failure   Level  Hunger
a - Beastly Appendage     Tmut           ##....       6%          1    #......
b - Sticks to Snakes      Tmut           ##......     9%          2    ###....
c - Magic Dart            Conj           #...         10%         1    #......

Your spell library contained the following spells:

 Spells                   Type           Power        Failure   Level  Hunger
 Searing Ray              Conj           #.....       14%         2    ###....
 Spider Form              Tmut/Pois      #.........   34%         3    ###....
 Dazzling Flash           Conj/Hex       #.....       41%         3    ###....
 Ice Form                 Ice/Tmut       #.......     75%         4    #####..
 Fulminant Prism          Conj/Hex       #.........   82%         4    #####..
 Iskenderun's Mystic Bla  Conj/Tloc      #.......     82%         4    #####..
 Blade Hands              Tmut           ##........   86%         5    ######.


Dungeon Overview and Level Annotations

Branches:
Dungeon (5/15)
 Temple: D:4-7

Altars:
Dithmenos
Nemelex Xobeh


Innate Abilities, Weirdness & Mutations

You cannot wear most types of armour.
You are very stealthy in the water. (Stealth+)
You are amphibious.
You can wear up to eight rings at the same time.
You can use your tentacles to constrict eight enemies at once.
Your skin changes colour to match your surroundings (Stealth+).
Your rubbery body absorbs attacks. (AC +1, EV +1)


Message History

The ice beast is moderately wounded.
The ice beast misses you.
You hit the ice beast.
The ice beast is moderately wounded.
The ice beast barely misses you.
You hit the ice beast but do no damage.
The ice beast is moderately wounded.
The ice beast hits you. The ice beast freezes you!
You hit the ice beast.
The ice beast is poisoned.
The ice beast is heavily wounded.
The ice beast hits you.
* * * LOW HITPOINT WARNING * * *
The ice beast freezes you!
* * * LOW HITPOINT WARNING * * *
You barely miss the ice beast.
The ice beast is heavily wounded.
The ice beast hits you.
* * * LOW HITPOINT WARNING * * *
The ice beast freezes you!
You die...

........##......##.#<....#.#
........##......##.#.##.##.#
........).).....##.#.##....#
........))......##.#.#######
######................)....#
#...........#.#.#####.#
#....######.#.#<.. #....#
#.#.#.### #....# #@#.#.#
#....# #Y#.#.# #....#
#.....# #....# #.†"..##
###### #.....# #.....#
#....... ......##. ....... #


You could see an ice beast (very poisoned).

Vanquished Creatures
  A centaur (D:5)
  2 howler monkeys
  2 orc priests
  5 orc wizards
  2 worker ants (D:4)
  A hound skeleton (D:4)
  3 gnolls (D:3)
  6 adders
  An ooze (D:3)
  2 dart slugs
  A leopard gecko (D:5)
  23 orcs
  A ball python (D:3)
  2 giant cockroaches
  12 goblins
  8 hobgoblins
  12 jackals
  4 kobolds
  9 bats
  3 frilled lizards
  A leopard gecko skeleton (D:4)
  5 rats
106 creatures vanquished.

Notes
Turn   | Place    | Note
-------+----------+-------------------------------------------
     0 | D:1      | Descartes the Octopode Transmuter began the quest for the
                  | Orb.
     0 | D:1      | Reached XP level 1. HP: 13/13 MP: 3/3
   141 | D:1      | Reached skill level 1 in Stealth
   154 | D:1      | Reached XP level 2. HP: 9/18 MP: 5/5
   366 | D:1      | Reached skill level 2 in Stealth
   557 | D:1      | Reached XP level 3. HP: 22/23 MP: 6/6
  1237 | D:2      | Reached skill level 3 in Stealth
  1826 | D:3      | Learned a level 2 spell: Sticks to Snakes
  1828 | D:3      | Learned a level 1 spell: Magic Dart
  1849 | D:3      | Reached XP level 4. HP: 14/28 MP: 7/7
  2326 | D:3      | Reached XP level 5. HP: 33/33 MP: 8/8
  2330 | D:3      | Reached skill level 4 in Stealth
  2692 | D:3      | Found a sparkling altar of Nemelex Xobeh.
  2944 | D:4      | Reached skill level 1 in Conjurations
  3168 | D:4      | Reached XP level 6. HP: 38/38 MP: 9/9
  3213 | D:4      | Reached skill level 5 in Stealth
  3280 | D:4      | Found a shadowy altar of Dithmenos.
  3761 | D:5      | Entered Level 5 of the Dungeon
  3779 | D:5      | Reached XP level 7. HP: 45/45 MP: 10/10
  4133 | D:5      | Reached skill level 6 in Stealth
  4145 | D:5      | HP: 2/45 [ice beast (10)]
  4146 | D:5      | Mangled by an ice beast

Illustrated notes

Levels and vault maps discovered:
D:1:      sevenhm_arrival_forest_fort_large_2, layout_loops_ring,
          serial_bayou_pond_a, st_stairs_1
D:2:      layout_basic, first_ration
D:3:      layout_loops_ring, kennysheep_donut, nemelex_xobeh_ov_fountains_minmay
D:4:      layout_basic, nicolae_dithmenos_shadow_blocks
D:5:      layout_basic

Skill      XL: |  1  2  3  4  5  6  7 |
---------------+----------------------+-----
Stealth        | 1 2 3 4 5 6 |  6.1
Unarmed Combat | 4 |  4.9
Conjurations   | 1 2 |  2.0
Dodging        | 3 |  3.4
Fighting       | 2 |  2.4
Transmutations | 3 |  3.1
Spellcasting   | |  2.0

Action                   |  1- 3 |  4- 6 |  7- 9 || total
-------------------------+-------+-------+-------++-------
Melee: Unarmed           |    52 |       |       ||    52
       Constrict         |    25 |    39 |     8 ||    72
       Tentacles         |    18 |    24 |    14 ||    56
       Punch             |     3 |     4 |     1 ||     8
       Dagger            |    33 |   123 |    53 ||   209
  Use: Potion            |       |       |     4 ||     4
 Stab: Sleeping          |     6 |     4 |       ||    10
       Distracted        |       |     1 |       ||     1
  Eat: Chunk             |     3 |     6 |     1 ||    10
Armor: Skin              |    15 |    28 |    22 ||    65
Dodge: Dodged            |    47 |   103 |    60 ||   210
